 Dungeon Crawl Stone Soup version 0.25.1-2-g60ff931df9 (webtiles) character file.

Game seed: 588114862986946483

61 DildoBatman the Conjurer (level 4, 0/30 HPs)
             Began as a Formicid Wizard on Sept 5, 2020.
             Killed from afar by a hobgoblin (7 damage)
             ... with a puff of flame
             ... on level 2 of the Dungeon.
             The game lasted 00:04:06 (1856 turns).

DildoBatman the Conjurer (Formicid Wizard)          Turns: 1856, Time: 00:04:07

Health: 0/30       AC:  2    Str: 12    XL:     4   Next: 27%
Magic:  8/8        EV: 12    Int: 18    God:
Gold:   19         SH:  0    Dex:  9    Spells: 2/9 levels left

rFire    . . .     SeeInvis +   p - +2 mace (vorpal)
rCold    . . .     Gourm    .   (no shield)
rNeg     . . .     Faith    .   a - +0 robe
rPois    .         Spirit   .   (helmet unavailable)
rElec    .         Reflect  .   (no cloak)
rCorr    .         Harm     .   (no gloves)
MR       .....                  (no boots)
Stlth    ++........             (no amulet)
HPRegen  0.10/turn              (no ring)
MPRegen  0.11/turn              (no ring)

@: no status effects
A: permanent stasis, dig shafts and tunnels, four strong arms, antennae 3
a: Dig, Shaft Self


You were on level 2 of the Dungeon.
You were not hungry.

You visited 1 branch of the dungeon, and saw 2 of its levels.

You collected 19 gold pieces.

Inventory:

Hand Weapons
 g - a +0 club
 k - a +0 short sword
 p - a +2 vorpal mace (weapon)
Missiles
 b - 87 stones (quivered)
 c - 93 arrows
 f - 22 sling bullets
Armour
 a - a +0 robe (worn)
Scrolls
 e - 2 scrolls of blinking {unknown}
 h - 2 scrolls of identify {unknown}
 i - 2 scrolls of teleportation {unknown}
 j - a scroll of noise {unknown}
 n - a scroll of amnesia {unknown}
 r - a scroll of immolation {unknown}
Potions
 l - a potion of brilliance {unknown}
 m - a potion of stabbing {unknown}
 o - a potion of curing {unknown}
 q - a potion of heal wounds
Comestibles
 d - 2 chunks of flesh
 v - 3 rations


   Skills:
 - Level 1.7 Dodging
 - Level 2.4 Stealth
 - Level 3.2 Spellcasting
 * Level 3.4 Conjurations
   Level 1.0 Summonings
   Level 0.8 Translocations


You had 2 spell levels left.
You knew the following spells:

 Your Spells              Type           Power        Failure   Level  Hunger
a - Conjure Flame         Conj/Fire      #.......     24%         3    ###....
c - Magic Dart            Conj           ###.         3%          1    None
e - Mephitic Cloud        Conj/Pois/Air  #.......     30%         3    ###....

Your spell library contained the following spells:

 Spells                   Type           Power        Failure   Level  Hunger
 Call Imp                 Summ           #.......     16%         2    ##.....
 Slow                     Hex            #.......     24%         2    ##.....
 Blink                    Tloc           Unusable     N/A         2    N/A

Dungeon Overview and Level Annotations

Branches:
Dungeon (2/15)

Altars:
Fedhas


Innate Abilities, Weirdness & Mutations

You cannot be hasted, slowed, berserked, paralysed or teleported.
You can dig through walls and to a lower floor.
Your four strong arms can wield two-handed weapons with a shield.
You have a pair of large antennae on your head. (SInv)


Message History

You completely miss the hobgoblin. The hobgoblin closely misses you.
The hobgoblin zaps a wand.
The puff of flame hits you.
You miss the frilled lizard. The frilled lizard barely misses you.
The hobgoblin hits you with a +0 club. The frilled lizard misses you.
You barely miss the frilled lizard. The hobgoblin closely misses you.
The frilled lizard bites you but does no damage.
You miss the frilled lizard. The hobgoblin closely misses you.
The frilled lizard barely misses you. x2
The hobgoblin closely misses you.
You hit the frilled lizard.
You kill the frilled lizard!
The hobgoblin zaps a wand.
The puff of flame hits you!
You die...

##### #.# #.#
#.# #.# #.#
#.# #.# ###.#
#.# ..#.##
#.#
#...####.#
#........#
#.@.##รท..#
#..Kg#.##.#.#
##.#.#.##.#.#
#. ..#....#.#
# .######...#
.. { ....# ..
#...# ...{
#...# #...#


You could see a hobgoblin and a kobold.

Vanquished Creatures
  3 worms (D:2)
  2 dart slugs (D:1)
  2 leopard geckos (D:1)
  A ball python (D:1)
  A giant cockroach (D:1)
  8 hobgoblins
  4 jackals (D:2)
  A quokka (D:2)
  5 bats
  6 frilled lizards
  2 goblins (D:1)
  4 kobolds
  7 rats
46 creatures vanquished.

Notes
Turn   | Place    | Note
-------+----------+-------------------------------------------
     0 | D:1      | DildoBatman the Formicid Wizard began the quest for the
                  | Orb.
     0 | D:1      | Reached XP level 1. HP: 13/13 MP: 4/4
    21 | D:1      | Reached skill level 1 in Conjurations
   170 | D:1      | Reached XP level 2. HP: 7/19 MP: 0/6
   769 | D:1      | Reached XP level 3. HP: 23/24 MP: 0/7
  1173 | D:2      | Noticed a scorpion
  1587 | D:2      | Learned a level 3 spell: Conjure Flame
  1591 | D:2      | Learned a level 3 spell: Mephitic Cloud
  1706 | D:2      | Reached XP level 4. HP: 14/30 MP: 5/8
  1718 | D:2      | Found a blossoming altar of Fedhas.
  1856 | D:2      | Killed from afar by a hobgoblin

Illustrated notes

Levels and vault maps discovered:
D:1:      wander_arrival_desolate, layout_basic, serial_bayou_lake_a
D:2:      layout_loops_ring, lemuel_round_altar, lemuel_round_altar

Skill      XL: |  1  2  3 |
---------------+----------+-----
Conjurations   | 1 2 3 |  3.4
Dodging        | |  1.7
Stealth        | |  2.4
Spellcasting   | |  3.2
Summonings     | |  1.0
Translocations | |  0.8

Action                   |  1- 3 |  4- 6 || total
-------------------------+-------+-------++-------
Melee: Unarmed           |     9 |       ||     9
       Short sword       |    30 |       ||    30
       Club              |     2 |       ||     2
       Mace              |    14 |    28 ||    42
Throw: Stone             |     5 |       ||     5
 Cast: Magic Dart        |    81 |     1 ||    82
 Abil: Dig               |     1 |       ||     1
 Stab: Sleeping          |     1 |       ||     1
  Eat: Chunk             |     3 |       ||     3
Armor: Robe              |    21 |     7 ||    28
Dodge: Dodged            |    50 |    25 ||    75
